 Dungeon Crawl Stone Soup version 0.30.2 (webtiles) character file.

Game seed: 15892620375442284579

442 porpoise the Shooter (level 7, -1/82 HPs)
             Began as a Human Hunter on Jan 25, 2024.
             Succumbed to a water moccasin's poison
             ... on level 5 of the Dungeon.
             The game lasted 00:08:12 (4064 turns).

porpoise the Shooter (Human Hunter)                 Turns: 4064, Time: 00:08:12

Health: -1/82      AC:  4    Str: 11    XL:     7   Next: 23%
Magic:  7/7        EV: 12    Int:  9    God:
Gold:   152        SH:  0    Dex: 19    Spells: 6/6 levels left

rFire   . . .        b - +0 rapier
rCold   . . .        (no shield)
rNeg    . . .        c - +0 leather armour
rPois   .            (no helmet)
rElec   .            r - +0 cloak
rCorr   .            (no gloves)
SInv    .            (no boots)
Will    .....        (no amulet) Stlth
                     (no ring)
HPRegen 0.33/turn    (no ring)
MPRegen 0.10/turn

%: no passive effects
@: berserking (expiring), lethally poisoned (-1 -> -23), very quick
A: no striking features
a: no special abilities


You were on level 5 of the Dungeon.
You visited 1 branch of the dungeon, and saw 5 of its levels.

You collected 174 gold pieces.
You spent 22 gold pieces at shops.

Inventory:

Hand Weapons
 a - a +0 shortbow
 b - a +0 rapier (weapon)
Missiles
 l - a boomerang of dispersal
 v - 6 javelins
Armour
 c - a +0 leather armour (worn)
 r - a +0 cloak (worn)
Magical Staves
 n - a staff of fire
Jewellery
 p - a ring of see invisible
Wands
 w - a wand of iceblast (8)
Scrolls
 e - a scroll of enchant weapon {unknown}
 f - a scroll of fear
 g - a scroll of noise {unknown}
 j - 3 scrolls of teleportation
 o - a scroll of silence {unknown}
 q - a scroll of immolation
 s - a scroll of brand weapon {unknown}
 u - 2 scrolls of magic mapping {unknown}
Potions
 d - a potion of haste
 h - a potion of might
 i - a potion of lignification
 k - a potion of brilliance
 m - a potion of ambrosia
 t - a potion of berserk rage


   Skills:
 + Level 4.3 Fighting
 * Level 7.1 Ranged Weapons
 - Level 2.0 Dodging
 - Level 1.0 Stealth


You had 6 spell levels left.
You didn't know any spells.
Your spell library contained the following spells:

 Spells                   Type           Power      Damage    Failure   Level
 Cigotuvi's Dreadful Rot  Necr/Pois/Air  0%         N/A       63%         2
 Ignite Poison            Fire/Tmut/Pois 0%         N/A       85%         3
 Spider Form              Tmut/Pois      0%         N/A       85%         3
 Dispel Undead            Necr           0%         3d6       99%         4
 Death Channel            Necr           0%         N/A       100%        6


Dungeon Overview and Level Annotations

Branches:
Dungeon (5/15)
 Temple: D:4-7

Altars:

Shops:
D:1 ?


Message History

The water moccasin is severely wounded.
You feel very sick. The water moccasin bites you.
You shoot an arrow. The arrow hits the water moccasin.
The water moccasin is severely wounded.
You feel sick.
The water moccasin bites you but does no damage.
The water moccasin barely misses you.
You shoot an arrow. The arrow hits the water moccasin.
The water moccasin is almost dead.
You feel sick. The water moccasin misses you.
The water moccasin bites you but does no damage.
You shoot an arrow.
The arrow barely misses the water moccasin.
You feel sick. The water moccasin bites you.
You are lethally poisoned!
The water moccasin poisons you! The water moccasin closely misses you.
You shoot an arrow.
The arrow barely misses the water moccasin.
* * * LOW HITPOINT WARNING * * *
You feel very sick. The water moccasin bites you.
* * * LOW HITPOINT WARNING * * *
You are more poisoned.
The water moccasin poisons you!
It was a potion of berserk rage.
A red film seems to cover your vision as you go berserk!
You feel yourself moving faster!
You feel mighty!
* * * LOW HITPOINT WARNING * * *
You feel extremely sick. The water moccasin bites you!
* * * LOW HITPOINT WARNING * * *
b - a +0 rapier (weapon)
You feel a strong urge to attack something.
* * * LOW HITPOINT WARNING * * *
You feel sick.
The water moccasin bites you but does no damage.
You barely miss the water moccasin.
The water moccasin is almost dead.
You die...

## .. #. #.## #.
#... #..#..# ####
#..#.S# ....
###..#.@# #
........# #
###..#..#
########.###..#..#
.......#......##.#
######.######.##.#
.................#
................##
######.##########


You could see a water moccasin.

Vanquished Creatures
  An ogre (D:5)
  A phantom (D:4)
  2 scorpions
  Crazy Yiuf (D:3)
  5 adders
  4 worms
  6 orcs
  7 endoplasms
  5 giant cockroaches
  3 goblins
  6 hobgoblins
  7 jackals
  8 kobolds
  6 quokkas
  10 ball pythons
  4 bats
  4 frilled lizards
  2 rats
82 creatures vanquished.

Notes
Turn   | Place    | Note
-------+----------+-------------------------------------------
     0 | D:1      | porpoise the Human Hunter began the quest for the Orb.
     0 | D:1      | Reached XP level 1. HP: 16/16 MP: 1/1
   427 | D:1      | Reached XP level 2. HP: 22/22 MP: 2/2
   453 | D:1      | Found The Oracle's Delphic Readings.
   457 | D:1      | Bought a scroll of identify for 22 gold pieces
  1015 | D:2      | Reached XP level 3. HP: 28/28 MP: 3/3
  1330 | D:2      | Reached XP level 4. HP: 32/34 MP: 4/4
  1352 | D:2      | Reached skill level 5 in Ranged Weapons
  2247 | D:3      | Reached XP level 5. HP: 41/41 MP: 5/5
  2447 | D:3      | Found a runed translucent door.
  2448 | D:3      | Noticed Crazy Yiuf
  2456 | D:3      | Killed Crazy Yiuf
  2882 | D:4      | Got the Octavo of the Figure
  3484 | D:4      | Reached skill level 6 in Ranged Weapons
  3484 | D:4      | Reached XP level 6. HP: 31/48 MP: 6/6
  3790 | D:5      | Entered Level 5 of the Dungeon
  3963 | D:5      | Noticed an ogre
  3974 | D:5      | Killed an ogre
  3975 | D:5      | Reached skill level 7 in Ranged Weapons
  3975 | D:5      | Reached XP level 7. HP: 45/55 MP: 7/7
  4044 | D:5      | Noticed a water moccasin
  4063 | D:5      | HP: 4/82 [poisoned by a water moccasin]
  4064 | D:5      | Succumbed to a water moccasin's poison

Illustrated notes

Levels and vault maps discovered:
D:1:      tarquinn_simple_flora_water_e, layout_loops_corners,
          chequers_serial_rivers_micro_a, nicolae_nh_oracle_at_delphi
D:2:      layout_basic
D:3:      layout_basic, grunt_ministairs_1, hex_intersection,
          uniq_crazy_yiuf_cottage
D:4:      layout_loops_corners
D:5:      minmay_general_purpose_star, layout_basic,
          mainiacjoe_overflow_alcove_4, glass_columns_b

Skill      XL: |  1  2  3  4  5  6 |
---------------+-------------------+-----
Ranged Weapons | 5 6 7 |  7.1
Fighting       | 3 4 |  4.3
Dodging        | |  2.0
Stealth        | |  1.0

Action                     |  1- 3 |  4- 6 |  7- 9 || total
---------------------------+-------+-------+-------++-------
  Melee: Rapier            |       |       |     1 ||     1
   Fire: Shortbow          |    70 |   182 |    17 ||   269
    Use: Scroll            |     3 |     6 |       ||     9
         Potion            |       |     2 |     1 ||     3
 Armour: Leather armour    |     6 |    17 |     6 ||    29
  Dodge: Dodged            |    14 |    63 |    13 ||    90
